| TOP OF THE 1ST |
|
Salt Lake Bees batting - Pitching for Durham Bulls : RHP Ray Willenbrink
|
|
Pitching: RHP Ray Willenbrink
|
|
|
Batting: RHB Guillermo Mojica
|
0-0: Ball 1-0: Foul Ball, location: 2F 1-1: Ball 2-1: Ball 3-1: Called Strike 3-2: Foul Ball, location: 2F 3-2: Fly out, F9 (Flyball, 9LM, EV 86.2 MPH)
|
|
Batting: SHB Ivan Barry
|
0-0: Foul Ball, location: 2F 0-1: Foul Ball, location: 2F 0-2: Foul Ball, location: 2F 0-2: Strikes out swinging
|
|
Batting: RHB Mike Harkins
|
0-0: Called Strike 0-1: Foul Ball, location: 2F 0-2: Ball 1-2: Foul Ball, location: 2F 1-2: Ball 2-2: DOUBLE (Line Drive, 89M, EV 110.0 MPH)
|
|
Batting: RHB Justin Lauderdale
|
0-0: Called Strike 0-1: Ball 1-1: Swinging Strike 1-2: Ball 2-2: Strikes out swinging
|
| Top of the 1st over - 0 runs, 1 hit, 0 errors, 1 left on base; Salt Lake 0 - Durham 0 |
| BOTTOM OF THE 1ST |
|
Durham Bulls batting - Pitching for Salt Lake Bees : RHP Chris Wood
|
|
Pitching: RHP Chris Wood
|
|
|
Batting: RHB John Ham
|
0-0: Foul Ball, location: 2F 0-1: Foul Ball, location: 2F 0-2: Foul Ball, location: 2F 0-2: Fly out, F7 (Flyball, 78S, EV 83.8 MPH)
|
|
Batting: SHB Ben Pierce
|
0-0: Called Strike 0-1: Foul Ball, location: 2F 0-2: Ball 1-2: Strikes out swinging
|
|
Batting: RHB Amari Benton
|
0-0: Ball 1-0: SINGLE (Flyball, 9LS, EV 95.0 MPH)
|
|
Batting: LHB Jimmy Buscemi
|
0-0: Called Strike 0-1: Ball 1-1: Ball 2-1: Ball 3-1: Base on Balls Amari Benton to second
|
|
Batting: RHB Nick Sharp
|
0-0: Foul Ball, location: 2F 0-1: Ball 1-1: Ground out 4-3 (Groundball, 4, EV 85.0 MPH)
|
| Bottom of the 1st over - 0 runs, 1 hit, 0 errors, 2 left on base; Salt Lake 0 - Durham 0 |
| TOP OF THE 2ND |
|
Salt Lake Bees batting - Pitching for Durham Bulls : RHP Ray Willenbrink
|
|
Batting: LHB Matt Patnaude
|
0-0: Ball 1-0: Swinging Strike 1-1: Called Strike 1-2: Ground out 4-3 (Groundball, 4, EV 85.0 MPH)
|
|
Batting: LHB Tyler Meier
|
0-0: Ball 1-0: Ball 2-0: Ball 3-0: Called Strike 3-1: Base on Balls
|
|
Batting: SHB Brendan Bundy
|
0-0: Ball 1-0: Foul Ball, location: 2F 1-1: Swinging Strike 1-2: Ball 2-2: Fly out, F7 (Flyball, 78S, EV 79.4 MPH)
|
|
Batting: RHB Ryan Marler
|
0-0: Foul Ball, location: 2F 0-1: Foul Ball, location: 2F 0-2: Ball 1-2: Strikes out looking
|
| Top of the 2nd over - 0 runs, 0 hits, 0 errors, 1 left on base; Salt Lake 0 - Durham 0 |
| BOTTOM OF THE 2ND |
|
Durham Bulls batting - Pitching for Salt Lake Bees : RHP Chris Wood
|
|
Batting: RHB Shinji Aizawa
|
0-0: Swinging Strike 0-1: Called Strike 0-2: Ball 1-2: Ball 2-2: Foul Ball, location: 2F 2-2: Strikes out swinging, 2-3 out at first.
|
|
Batting: RHB Giuliano Giacoletti
|
0-0: Fly out, F7 (Flyball, 7LM, EV 83.1 MPH)
|
|
Batting: RHB Kevin Kush
|
0-0: Foul Ball, location: 2F 0-1: Ground out U3 (Groundball, 3L, EV 85.6 MPH)
|
| Bottom of the 2nd over - 0 runs, 0 hits, 0 errors, 0 left on base; Salt Lake 0 - Durham 0 |
| TOP OF THE 3RD |
|
Salt Lake Bees batting - Pitching for Durham Bulls : RHP Ray Willenbrink
|
|
Batting: RHB David Young
|
0-0: Ball 1-0: Ground out 6-3 (Groundball, 6, EV 93.8 MPH)
|
|
Batting: RHB Guillermo Mojica
|
0-0: Ball 1-0: Called Strike 1-1: SINGLE (Line Drive, 89S, EV 90.0 MPH)
|
|
Batting: SHB Ivan Barry
|
0-0: Ball 1-0: Ball 2-0: Grounds into double play, 6-4-3 (Groundball, 6D, EV 105.0 MPH)
|
| Top of the 3rd over - 0 runs, 1 hit, 0 errors, 0 left on base; Salt Lake 0 - Durham 0 |
| BOTTOM OF THE 3RD |
|
Durham Bulls batting - Pitching for Salt Lake Bees : RHP Chris Wood
|
|
Batting: RHB Dusty Camelli
|
0-0: Ball 1-0: Called Strike 1-1: SINGLE (Flyball, 9LS, EV 97.5 MPH)
|
|
Batting: RHB John Ham
|
0-0: Ball 1-0: Ball 2-0: Ball 3-0: SINGLE (Groundball, 6MD, EV 104.4 MPH) (infield hit) Dusty Camelli to second
|
|
Batting: SHB Ben Pierce
|
0-0: Called Strike 0-1: Foul Ball, location: 2F 0-2: Ground out 3-1 (Groundball, 3L, EV 105.0 MPH) Dusty Camelli to third John Ham to second
|
|
Batting: RHB Amari Benton
|
0-0: Ball 1-0: Ball 2-0: Called Strike 2-1: SINGLE (Groundball, 34D, EV 98.8 MPH) Dusty Camelli scores John Ham to third Runner from 3rd tries for Home, SAFE, throw by RF to home
|
|
Batting: LHB Jimmy Buscemi
|
0-0: Ball 1-0: Called Strike 1-1: Called Strike 1-2: Fly out, F8 (Line Drive, 8RD, EV 86.9 MPH) Runner from 1st tags up, SAFE at 2nd
|
|
Batting: RHB Nick Sharp
|
0-0: Swinging Strike 0-1: Called Strike 0-2: Ground out 6-3 (Groundball, 6M, EV 88.8 MPH)
|
| Bottom of the 3rd over - 2 runs, 3 hits, 0 errors, 1 left on base; Salt Lake 0 - Durham 2 |
| TOP OF THE 4TH |
|
Salt Lake Bees batting - Pitching for Durham Bulls : RHP Ray Willenbrink
|
|
Batting: RHB Mike Harkins
|
0-0: Ball 1-0: SINGLE (Line Drive, 34D, EV 103.1 MPH)
|
|
Batting: RHB Justin Lauderdale
|
0-0: Ball 1-0: Ball 2-0: Called Strike 2-1: Foul Ball, location: 2F 2-2: Foul Ball, location: 2F 2-2: Foul Ball, location: 2F 2-2: Ball 3-2: Foul Ball, location: 2F 3-2: Ground out 5-3 (Groundball, 5S, EV 66.9 MPH) Mike Harkins to second
|
|
Batting: LHB Matt Patnaude
|
0-0: Ball 1-0: Foul Ball, location: 2F 1-1: Ball 2-1: Ball 3-1: Fly out, F9 (Flyball, 89S, EV 70.0 MPH)
|
|
Batting: LHB Tyler Meier
|
0-0: Called Strike 0-1: Swinging Strike 0-2: Ball 1-2: Reached via error on a dropped throw from 2B, E3 (Groundball, 4, EV 96.2 MPH) Mike Harkins to third
|
|
Batting: SHB Brendan Bundy
|
0-0: Ball 1-0: Called Strike 1-1: Swinging Strike 1-2: Ball 2-2: Strikes out swinging
|
| Top of the 4th over - 0 runs, 1 hit, 1 error, 2 left on base; Salt Lake 0 - Durham 2 |
| BOTTOM OF THE 4TH |
|
Durham Bulls batting - Pitching for Salt Lake Bees : RHP Chris Wood
|
|
Batting: RHB Shinji Aizawa
|
0-0: Ball 1-0: Called Strike 1-1: Hit by Pitch
|
|
Pinch Runner at 1st Jose Herrera:
|
|
|
Batting: RHB Giuliano Giacoletti
|
0-0: Called Strike Jose Herrera is caught stealing 2nd base 2-4 0-1: Fly out, F9 (Flyball, 89M, EV 85.6 MPH)
|
|
Batting: RHB Kevin Kush
|
0-0: Ball 1-0: Foul Ball, location: 2F 1-1: Ground out 6-3 (Groundball, 6, EV 102.5 MPH)
|
| Bottom of the 4th over - 0 runs, 0 hits, 0 errors, 0 left on base; Salt Lake 0 - Durham 2 |
| TOP OF THE 5TH |
|
Salt Lake Bees batting - Pitching for Durham Bulls : RHP Ray Willenbrink
|
|
Now at 3B: Jose Herrera
|
|
|
Batting: RHB Ryan Marler
|
0-0: Ball 1-0: Fly out, F7 (Flyball, 7LM, EV 83.8 MPH)
|
|
Batting: RHB David Young
|
0-0: Ball 1-0: Fly out, F6 (Popup, 6M, EV 65.0 MPH)
|
|
Batting: RHB Guillermo Mojica
|
0-0: Ground out 2-3 (Groundball, 2L, EV 68.1 MPH)
|
| Top of the 5th over - 0 runs, 0 hits, 0 errors, 0 left on base; Salt Lake 0 - Durham 2 |
| BOTTOM OF THE 5TH |
|
Durham Bulls batting - Pitching for Salt Lake Bees : RHP Chris Wood
|
|
Batting: RHB Dusty Camelli
|
0-0: Called Strike 0-1: Foul Ball, location: 2F 0-2: Foul Ball, location: 2F 0-2: Ball 1-2: Foul Ball, location: 2F 1-2: Fly out, F3 (Line Drive, 3, EV 61.9 MPH)
|
|
Batting: RHB John Ham
|
0-0: Ball 1-0: Ball 2-0: Ball 3-0: Base on Balls
|
|
Batting: SHB Ben Pierce
|
0-0: Called Strike John Ham is caught stealing 2nd base 2-6 0-1: Ball 1-1: Ball 2-1: Called Strike 2-2: Strikes out swinging
|
| Bottom of the 5th over - 0 runs, 0 hits, 0 errors, 0 left on base; Salt Lake 0 - Durham 2 |
| TOP OF THE 6TH |
|
Salt Lake Bees batting - Pitching for Durham Bulls : RHP Ray Willenbrink
|
|
Batting: SHB Ivan Barry
|
0-0: Called Strike 0-1: Foul Ball, location: 2F 0-2: Ball 1-2: Ball 2-2: Foul Ball, location: 2F 2-2: Ground out 6-3 (Groundball, 56, EV 108.1 MPH)
|
|
Batting: RHB Mike Harkins
|
0-0: Foul Ball, location: 2F 0-1: Swinging Strike 0-2: Fly out, F9 (Flyball, 89M, EV 85.0 MPH)
|
|
Batting: RHB Justin Lauderdale
|
0-0: Called Strike 0-1: Ball 1-1: Foul Ball, location: 2F 1-2: Ball 2-2: Ball 3-2: Foul Ball, location: 2F 3-2: Ground out U3 (Groundball, 23, EV 83.8 MPH)
|
| Top of the 6th over - 0 runs, 0 hits, 0 errors, 0 left on base; Salt Lake 0 - Durham 2 |
| BOTTOM OF THE 6TH |
|
Durham Bulls batting - Pitching for Salt Lake Bees : RHP Chris Wood
|
|
Batting: RHB Amari Benton
|
0-0: Swinging Strike 0-1: Called Strike 0-2: Strikes out looking
|
|
Batting: LHB Jimmy Buscemi
|
0-0: Ball 1-0: Called Strike 1-1: Ground out 4-3 (Groundball, 34, EV 102.5 MPH)
|
|
Batting: RHB Nick Sharp
|
0-0: Hit by Pitch
|
|
Batting: RHB Jose Herrera
|
0-0: Ball 1-0: Ball 2-0: Called Strike 2-1: Ground out 1-3 (Groundball, 13S, EV 65.6 MPH)
|
| Bottom of the 6th over - 0 runs, 0 hits, 0 errors, 1 left on base; Salt Lake 0 - Durham 2 |
| TOP OF THE 7TH |
|
Salt Lake Bees batting - Pitching for Durham Bulls : RHP Ray Willenbrink
|
|
Batting: LHB Matt Patnaude
|
0-0: Ball 1-0: Called Strike 1-1: Ball 2-1: SINGLE (Line Drive, 89M, EV 93.8 MPH)
|
|
Batting: LHB Tyler Meier
|
0-0: Fly out, F7 (Flyball, 7LD, EV 76.9 MPH)
|
|
Batting: SHB Brendan Bundy
|
0-0: Ball 1-0: Foul Ball, location: 2F 1-1: Called Strike 1-2: Strikes out swinging
|
|
Batting: RHB Ryan Marler
|
0-0: Ball 1-0: Ball 2-0: Called Strike 2-1: Foul Ball, location: 2F 2-2: Ball 3-2: Foul Ball, location: 2F 3-2: Strikes out swinging
|
| Top of the 7th over - 0 runs, 1 hit, 0 errors, 1 left on base; Salt Lake 0 - Durham 2 |
| BOTTOM OF THE 7TH |
|
Durham Bulls batting - Pitching for Salt Lake Bees : RHP Chris Wood
|
|
Batting: RHB Giuliano Giacoletti
|
0-0: Ball 1-0: Hit by Pitch
|
|
Batting: RHB Kevin Kush
|
0-0: Called Strike 0-1: Bunted foul 0-2: Strikes out swinging
|
|
Batting: RHB Dusty Camelli
|
0-0: Called Strike 0-1: Foul Ball, location: 2F 0-2: Foul Ball, location: 2F 0-2: Ball 1-2: Fielders Choice at 2nd, 4-6 (Groundball, 34, EV 88.8 MPH)
|
|
Batting: RHB John Ham
|
0-0: Called Strike 0-1: Ball 1-1: Swinging Strike 1-2: Strikes out swinging
|
| Bottom of the 7th over - 0 runs, 0 hits, 0 errors, 1 left on base; Salt Lake 0 - Durham 2 |
| TOP OF THE 8TH |
|
Salt Lake Bees batting - Pitching for Durham Bulls : RHP Ray Willenbrink
|
|
Pitching: RHP Jim Averette
|
|
|
Batting: RHB David Young
|
0-0: Ball 1-0: Foul Ball, location: 2F 1-1: Ball 2-1: Called Strike 2-2: Ground out 6-3 (Groundball, 6, EV 108.1 MPH)
|
|
Batting: RHB Guillermo Mojica
|
0-0: Ball 1-0: Ball 2-0: Called Strike 2-1: Called Strike 2-2: Ball 3-2: Base on Balls
|
|
Batting: SHB Ivan Barry
|
0-0: Foul Ball, location: 2F 0-1: Ball 1-1: Ball 2-1: Foul Ball, location: 2F 2-2: Ball 3-2: Strikes out looking
|
|
Batting: RHB Mike Harkins
|
0-0: Called Strike 0-1: Ball 1-1: SINGLE (Line Drive, 78M, EV 106.9 MPH) Guillermo Mojica to second
|
|
Batting: RHB Justin Lauderdale
|
0-0: Ball 1-0: Fly out, F8 (Flyball, 8RM, EV 84.4 MPH)
|
| Top of the 8th over - 0 runs, 1 hit, 0 errors, 2 left on base; Salt Lake 0 - Durham 2 |
| BOTTOM OF THE 8TH |
|
Durham Bulls batting - Pitching for Salt Lake Bees : RHP Chris Wood
|
|
Pitching: LHP Nick Yarbrough
|
|
|
Batting: SHB Ben Pierce
|
0-0: Ball 1-0: Called Strike 1-1: Called Strike 1-2: Foul Ball, location: 2F 1-2: Ball 2-2: Ground out 4-3 (Groundball, 4, EV 105.0 MPH)
|
|
Batting: RHB Amari Benton
|
0-0: Foul Ball, location: 2F 0-1: Ground out 4-3 (Groundball, 4, EV 96.2 MPH)
|
|
Batting: LHB Jimmy Buscemi
|
0-0: Ball 1-0: Called Strike 1-1: Fly out, F8 (Flyball, 8LM, EV 91.2 MPH)
|
| Bottom of the 8th over - 0 runs, 0 hits, 0 errors, 0 left on base; Salt Lake 0 - Durham 2 |
| TOP OF THE 9TH |
|
Salt Lake Bees batting - Pitching for Durham Bulls : RHP Jim Averette
|
|
Pitching: RHP Eric Hudson
|
|
|
Now in LF: Kevin Kush
|
|
|
Now in CF: Angel Ruvalcaba
|
|
|
Batting: LHB Matt Patnaude
|
0-0: Ball 1-0: Swinging Strike 1-1: Ball 2-1: Ball 3-1: Foul Ball, location: 2F 3-2: Strikes out swinging
|
|
Batting: LHB Tyler Meier
|
0-0: Foul Ball, location: 2F 0-1: Ball 1-1: Ball 2-1: Called Strike 2-2: Foul Ball, location: 2F 2-2: Foul Ball, location: 2F 2-2: Fly out, F8 (Line Drive, 8LD, EV 100.0 MPH)
|
|
Batting: SHB Brendan Bundy
|
0-0: Ball 1-0: Ball 2-0: Swinging Strike 2-1: Foul Ball, location: 2F 2-2: Ball 3-2: Fly out, F8 (Line Drive, 8RM, EV 105.6 MPH)
|
| Top of the 9th over - 0 runs, 0 hits, 0 errors, 0 left on base; Salt Lake 0 - Durham 2 |
|